 Dungeon Crawl Stone Soup version 0.24-a0-282-g1a68c91 (webtiles) character file.

Game seed: 17165054304084090197

4494 emperorscorpion the Grappler (level 10, -13/81 HPs)
             Began as a Ghoul Fighter on May 3, 2019.
             Was a Believer of Cheibriados.
             Mangled by a tengu warrior
             ... wielding a +0 great sword
              (19 damage)
             ... on level 8 of the Dungeon.
             The game lasted 00:13:59 (7613 turns).

emperorscorpion the Grappler (Ghoul Fighter)        Turns: 7613, Time: 00:14:00

Health: -13/81     AC: 11    Str: 32 (37) XL:     10   Next: 38%
Magic:  18/18      EV: 16    Int:  7 (9)  God:    Cheibriados [**....]
Gold:   217        SH: 14    Dex: 12 (13) Spells: 9/9 levels left

rFire    . . .     SeeInvis .     - Unarmed
rCold    + . .     Gourm    .   H - +2 shield
rNeg     + + +     Faith    .   a - +0 scale mail
rPois    ∞         Spirit   .   Q - +1 hat
rElec    .         Reflect  .   G - scarf {repulsion}
rCorr    .         Harm     .   E - +0 pair of gloves "Ittut" {rN+ Str+4 Int+2 Dex-4} (curse)
MR       .....                  (no boots)
Stlth    +.........             (no amulet)
HPRegen  0.00/turn              w - ring of magical power
MPRegen  0.16/turn              t - +2 ring of protection

@: mighty, agile, rotting, hasted, repel missiles, quick
A: rotting body, claws 1, carnivore, cold resistance 1, negative energy
resistance 3, inhibited regeneration, torment resistance, unbreathing
a: Bend Time, Renounce Religion


You were on level 8 of the Dungeon.
You worshipped Cheibriados.
Cheibriados was pleased with you.
You were not hungry.

You visited 2 branches of the dungeon, and saw 9 of its levels.

You collected 521 gold pieces.
You spent 304 gold pieces at shops.

Inventory:

Hand Weapons
 C - a +0 blowgun
Missiles
 j - 17 poisoned needles
 v - 2 curare-tipped needles
 I - 8 tomahawks (quivered)
 K - 2 tomahawks of returning
Armour
 a - a +0 scale mail (worn)
 b - a +0 shield
 z - a +0 cloak
 E - the cursed +0 pair of gloves "Ittut" (worn) {rN+ Str+4 Int+2 Dex-4}
   (You bought it in a shop on level 6 of the Dungeon)

   It affects your strength (+4).
   It affects your intelligence (+2).
   It affects your dexterity (-4).
   It protects you from negative energy.
   It has a curse placed upon it.
 G - a scarf of repulsion (worn)
 H - a +2 shield (worn)
 J - a scarf of cloud immunity
 Q - a +1 hat (worn)
Magical Staves
 R - an uncursed staff of cold {unknown}
Jewellery
 o - an uncursed ring of magical power
 t - a +2 ring of protection (right hand)
 w - a ring of magical power (left hand)
 x - an uncursed ring of protection from cold
 O - an uncursed ring of poison resistance
 S - the ring "Pisseriu" {Ice Str+3 Int+3 Stlth+}
   (You found it on level 8 of the Dungeon)

   [ring of ice]

   It enhances your ice magic.
   It affects your strength (+3).
   It affects your intelligence (+3).
   It makes you vulnerable to fire.
   It protects you from cold.
   It makes you more stealthy.
Wands
 u - a wand of paralysis (8)
 F - a wand of enslavement (7)
 L - a wand of polymorph (7)
 P - a wand of flame (15)
Scrolls
 e - 6 scrolls of identify
 f - 3 scrolls of fear
 g - 5 scrolls of teleportation {unknown}
 h - 2 scrolls of immolation {unknown}
 k - a scroll of enchant armour {unknown}
 m - a scroll of enchant weapon {unknown}
 n - 3 scrolls of magic mapping {unknown}
 r - 2 scrolls of fog {unknown}
 s - 2 scrolls of amnesia {unknown}
 y - 5 scrolls of remove curse {unknown}
 B - a scroll of blinking {unknown}
Potions
 i - a potion of lignification
 A - a potion of mutation
 D - a potion of haste
Comestibles
 d - 9 rations


   Skills:
 + Level 5.1 Fighting
 + Level 6.0 Armour
 + Level 4.2 Dodging
 + Level 1.1 Stealth
 + Level 7.4 Shields
 + Level 10.5 Unarmed Combat


You had 9 spell levels left.
You didn't know any spells.
Your spell library contained the following spells:

 Spells                   Type           Power        Failure   Level  Hunger
 Magic Dart               Conj           #...         93%         1    ##.....
 Blink                    Tloc           N/A          98%         2    ###....
 Call Imp                 Summ           #.......     98%         2    ###....
 Slow                     Hex            #.......     98%         2    ###....
 Conjure Flame            Conj/Fire      #.......     100%        3    ####...
 Mephitic Cloud           Conj/Pois/Air  #.......     100%        3    ####...
 Recall                   Summ/Tloc      N/A          100%        3    ####...
 Animate Dead             Necr           N/A          100%        4    #####..
 Borgnjor's Vile Clutch   Necr/Erth      #.........   100%        5    ######.
 Death Channel            Necr           #.........   100%        6    #######
 Simulacrum               Ice/Necr       #.........   100%        6    #######


Dungeon Overview and Level Annotations

Branches:
Dungeon (8/15)             Temple (1/1) D:6
   Lair: D:8-11

Altars:
Cheibriados
Dithmenos
Fedhas
Gozag
Kikubaaqudgha
Nemelex Xobeh
Qazlal
Ru
Uskayaw
Vehumet
The Shining One

Shops:
D:6 }}:[


Innate Abilities, Weirdness & Mutations

Your body is rotting away.
You thrive on raw meat.
You are immune to poison.
You have sharp fingernails.
You are carnivorous and can eat meat at any time.
Your flesh is cold resistant. (rC+)
You are immune to negative energy. (rN+++)
You do not regenerate when monsters are visible.
You are immune to unholy pain and torment.
You can survive without breathing.


Message History

You block the tengu warrior's attack. The tengu warrior pecks you.
* * * LOW HITPOINT WARNING * * *
You block the tengu warrior's attack.
It was a potion of haste.
You feel yourself speed up.
Cheibriados forgives your accidental hurry, just this once.
The tengu warrior hits you with a +0 great sword!
* * * LOW HITPOINT WARNING * * *
The tengu warrior pecks you but does no damage.
The tengu warrior closely misses you.
It was a potion of agility.
You feel agile all of a sudden. You block the tengu warrior's attack.
The tengu warrior misses you. You block the tengu warrior's attack.
You feel very mighty all of a sudden.
You miss the tengu warrior.
The tengu warrior is lightly wounded.
You punch the tengu warrior!
The tengu warrior is moderately wounded.
The tengu warrior hits you with a +0 great sword!!
You die...

#. .###.... ..#. ### #..
.........#.#.#####...
#.#####......#..#.#.........
#........... ......<........
........ ...............
#########...#########............
#......##)..##..(.Q.#............
#..##..#..#((#.Q##..#.........#
#..#..##..#..##.@# .#....##...#
#.##..#..###..#..## #.#.###...#
#.#..##..#.#..##..# #...###...###
###..#..##.##..#..###.#..........
#..##..#...#..##..##.#......(...
##..#..##...##..#..##.#.########.
#..##..#..#..#..##..#.#.....).<#.
#..#..##..#..##..#..#.......##)#÷
#.##..#..###..#..##.#.(......÷<..


You could see a tengu warrior.

Vanquished Creatures
  Joseph (D:7)
  3 hippogriffs
  A wyvern (D:8)
  A wraith (D:8)
  2 ice beasts (D:5)
  Duvessa (D:6)
  A black bear (D:5)
  2 phantoms (D:6)
  2 sky beasts
  3 centaurs
  A big kobold (D:8)
  8 bullfrogs
  A gnoll sergeant (D:6)
  Dowan (D:6)
  3 killer bees (D:7)
  6 wights
  2 howler monkeys
  3 crimson imps
  A bullfrog zombie (D:6)
  A quasit (D:6)
  3 hounds
  4 orc priests
  A jelly (D:8)
  2 gnoll shamans
  5 orc wizards
  2 iguanas (D:5)
  8 worker ants
  A killer bee zombie (D:6)
  2 worker ant zombies
  11 gnolls
  2 howler monkey skeletons
  5 adders
  3 shadow imps
  An ooze (D:1)
  An adder zombie (D:4)
  3 worms
  2 dart slugs
  5 leopard geckos
  12 orcs
  5 bats
  6 giant cockroaches
  10 hobgoblins
  15 jackals
  11 kobolds
  3 quokkas
  7 frilled lizards
  6 goblins
  2 jackal skeletons (D:6)
  A quokka zombie (D:5)
  5 rats
188 creatures vanquished.

Notes
Turn   | Place    | Note
-------+----------+-------------------------------------------
     0 | D:1      | emperorscorpion the Ghoul Fighter began the quest for the
                  | Orb.
     0 | D:1      | Reached XP level 1. HP: 19/19 MP: 0/0
   267 | D:1      | Reached XP level 2. HP: 25/26 MP: 1/1
   599 | D:1      | Reached XP level 3. HP: 30/30 MP: 2/2
  1213 | D:2      | Found a shadowy altar of Dithmenos.
  1265 | D:2      | Reached skill level 3 in Unarmed Combat
  1277 | D:2      | Reached XP level 4. HP: 40/40 MP: 3/3
  2172 | D:3      | Found an opulent altar of Gozag.
  2272 | D:3      | Reached XP level 5. HP: 45/46 MP: 4/4
  2280 | D:3      | Reached skill level 1 in Dodging
  2291 | D:3      | Reached skill level 4 in Unarmed Combat
  2573 | D:4      | Reached XP level 6. HP: 29/52 MP: 5/5
  2982 | D:4      | Reached skill level 5 in Unarmed Combat
  3292 | D:5      | Entered Level 5 of the Dungeon
  3380 | D:5      | Noticed an ice beast
  3393 | D:5      | Killed an ice beast
  3393 | D:5      | Reached XP level 7. HP: 37/59 MP: 6/6
  3655 | D:5      | Reached skill level 6 in Unarmed Combat
  3655 | D:5      | Reached XP level 8. HP: 58/67 MP: 7/7
  4526 | D:5      | Reached skill level 5 in Shields
  4679 | D:6      | Reached skill level 1 in Stealth
  4683 | D:6      | Reached skill level 7 in Unarmed Combat
  4705 | D:6      | Noticed Duvessa
  4705 | D:6      | Noticed Dowan
  4743 | D:6      | Killed Duvessa
  4743 | D:6      | Reached skill level 5 in Armour
  4750 | D:6      | Killed Dowan
  4801 | D:6      | Found Qilivvug's Gadget Shop.
  4905 | D:6      | Found Nyhia's Book Shop.
  4956 | D:6      | Reached XP level 9. HP: 39/72 MP: 8/8
  5110 | D:6      | Reached skill level 8 in Unarmed Combat
  5138 | D:6      | Found Zimula's Antique Armour Emporium.
  5144 | D:6      | Bought a pair of crude gloves for 304 gold pieces
  5149 | D:6      | Identified the cursed +0 pair of gloves "Ittut" {rN+ Str+4
                  | Int+2 Dex-4} (You bought it in a shop on level 6 of the
                  | Dungeon)
  5172 | D:6      | Reached skill level 5 in Fighting
  5270 | D:6      | Got a pitted silver amulet
  5271 | D:6      | Identified the amulet of Yreid {Inacc rN+} (You found it on
                  | level 6 of the Dungeon)
  5422 | D:6      | Found Vetuepa's Gadget Shop.
  5857 | D:6      | Found a staircase to the Ecumenical Temple.
  5863 | Temple   | Entered the Ecumenical Temple
  5870 | Temple   | Became a worshipper of Cheibriados the Contemplative
  6011 | D:7      | Reached skill level 9 in Unarmed Combat
  6771 | D:7      | Noticed Joseph
  6813 | D:7      | Killed Joseph
  6813 | D:7      | Reached * piety under Cheibriados
  6882 | D:7      | Reached XP level 10. HP: 77/81 MP: 9/9
  7056 | D:8      | Reached skill level 10 in Unarmed Combat
  7477 | D:8      | Reached ** piety under Cheibriados
  7487 | D:8      | Got a pitted iron ring
  7489 | D:8      | Identified the ring "Pisseriu" {Ice Str+3 Int+3 Stlth+}
                  | (You found it on level 8 of the Dungeon)
  7586 | D:8      | Noticed a tengu warrior
  7601 | D:8      | HP: 1/81 [tengu warrior/+0 great sword (15)]
  7613 | D:8      | Mangled by a tengu warrior

Levels and vault maps discovered:
D:1:      ncdulo_lavacross, layout_loops_corners, minmay_misc_feat_pillars
D:2:      layout_basic, nicolae_dithmenos_shadow_blocks
D:3:      minmay_spotlight, layout_loops_cross, grunt_gozag_statues
D:4:      layout_loops_ring, first_ration, chequers_avenue, serial_bayou_lake_a
D:5:      minmay_thinvault, layout_basic
D:6:      layout_gridville, minmay_temple_entry_fiery, serial_shops, shop, shop,
          shop, shop, uniq_duvessa
D:7:      layout_gridville, uniq_joseph
D:8:      minmay_tri_box, layout_basic
Temple:   compressed_dpeg_triangle_lava_temple

Skill      XL: |  1  2  3  4  5  6  7  8  9 10 |
---------------+-------------------------------+-----
Shields        | 3 4 5 6 7 |  7.4
Armour         | 3 4 5 6 |  6.0
Unarmed Combat | 3 4 5 6 7 9 10 | 10.5
Dodging        | 1 2 3 4 |  4.2
Fighting       | 4 5 |  5.1
Stealth        | 1 |  1.1

Action                   |  1- 3 |  4- 6 |  7- 9 | 10-12 || total
-------------------------+-------+-------+-------+-------++-------
Melee: Unarmed           |   152 |   218 |   415 |   143 ||   928
  Use: Scroll            |       |       |     1 |       ||     1
       Potion            |       |       |       |    13 ||    13
  Eat: Chunk             |    11 |    26 |    36 |    19 ||    92
Armor: Scale mail        |    73 |    58 |   124 |    59 ||   314
Dodge: Dodged            |    31 |    52 |   117 |    38 ||   238
       Deflected         |       |       |     2 |     1 ||     3
Block: Shield            |    51 |    70 |   230 |   103 ||   454

Table legend:
 A = Non-vault XP
 B = Vault XP
 C = Vault XP percentage of total XP
 D = Non-vault monster count
 E = Vault monster count
 F = Vault count percentage of total count
                 A         B        C        D         E       F
            +---------+---------+-------+---------+---------+-------
      Total |    4275 |    2146 |  33.4 |     164 |      24 |  12.8
            +---------+---------+-------+---------+---------+-------
        D:1 |      62 |       0 |   0.0 |      32 |       0 |   0.0
        D:2 |      65 |       0 |   0.0 |      20 |       0 |   0.0
        D:3 |     147 |      12 |   7.5 |      13 |       5 |  27.8
        D:4 |     263 |       0 |   0.0 |      13 |       0 |   0.0
        D:5 |     372 |     704 |  65.4 |      11 |      11 |  50.0
        D:6 |    1318 |     210 |  13.7 |      35 |       2 |   5.4
        D:7 |    1034 |     513 |  33.2 |      22 |       1 |   4.3
        D:8 |    1014 |     707 |  41.1 |      18 |       5 |  21.7
            +---------+---------+-------+---------+---------+-------
